 Dungeon Crawl Stone Soup version 0.28-a0-1184-g53156a8862 (webtiles) character file.

Game seed: 12453988999879208643

459 ytrimaz the Chopper (level 7, -5/54 HPs)
             Began as a Formicid Fighter on Dec 18, 2021.
             Killed from afar by Ijyb (9 damage)
             ... with a puff of flame
             ... on level 5 of the Dungeon.
             The game lasted 00:04:08 (5227 turns).

ytrimaz the Chopper (Formicid Fighter)              Turns: 5227, Time: 00:04:09

Health: -5/54      AC: 12    Str: 28    XL:     7   Next: 28%
Magic:  7/7        EV:  7    Int:  8    God:
Gold:   322        SH:  4    Dex: 10    Spells: 6/6 levels left

rFire   . . .      SeeInvis +   k - +0 battleaxe
rCold   . . .      Faith    .   c - +0 buckler
rNeg    . . .      Spirit   .   l - +0 plate armour
rPois   .          Reflect  .   (helmet unavailable)
rElec   .          Harm     .   (no cloak)
rCorr   .          Rampage  .   (no gloves)
Will    .....                   (no boots)
Stlth   ..........              (no amulet)
HPRegen 0.18/turn               g - +6 ring of strength
MPRegen 0.10/turn               (no ring)

@: no status effects
A: permanent stasis, dig shafts and tunnels, antennae 3, four strong arms
a: Dig, Shaft Self


You were on level 5 of the Dungeon.
You visited 1 branch of the dungeon, and saw 5 of its levels.

You collected 322 gold pieces.

Inventory:

Hand Weapons
 k - a +0 battleaxe (weapon)
Armour
 c - a +0 buckler (worn)
 l - a +0 plate armour (worn)
Jewellery
 g - a +6 ring of strength (left hand)
 j - a ring of fire
Scrolls
 f - a scroll of fog
 i - 2 scrolls of enchant armour
Potions
 a - a potion of attraction {unknown}
 d - 2 potions of ambrosia
 e - 2 potions of brilliance
 h - 3 potions of curing {unknown}


   Skills:
 + Level 4.1 Fighting
 * Level 6.1 Axes
 + Level 4.8 Armour
 - Level 3.9 Shields


You had 6 spell levels left.
You didn't know any spells.
Your spell library contained the following spells:

 Spells                   Type           Power      Damage    Failure   Level
 Sublimation of Blood     Necr           0%         N/A       100%        2
 Petrify                  Tmut/Erth      0%         N/A       100%        4
 Irradiate                Conj/Tmut      0%         3d14      100%        5


Dungeon Overview and Level Annotations

Branches:
Dungeon (5/15)
 Temple: D:4-7

Altars:
Okawaru
Vehumet

Annotations:
D:3 3 runed translucent doors, ytrimaz's ghost, amateur OpTm
D:5 Ijyb


Innate Abilities, Weirdness & Mutations

You cannot be hasted, slowed, berserked, paralysed or teleported.
You can dig through walls and to a lower floor.
You have a pair of large antennae on your head. (SInv)
Your four strong arms can wield two-handed weapons with a shield.


Message History

You barely miss Ijyb.
A hound skeleton comes into view.
Ijyb zaps a wand.
The puff of flame hits you! The white imp gestures at you.
The puff of frost hits you!
You closely miss Ijyb. Ijyb closely misses you.
Ijyb hits you but does no damage.
Unknown command.
You hit Ijyb but do no damage.
Ijyb zaps a wand.
The puff of flame hits you.
Unknown command.
You barely miss Ijyb. Ijyb barely misses you.
Unknown command.
You slash Ijyb!
Ijyb is heavily wounded.
You barely miss the white imp.
The white imp hits you but does no damage.
Ijyb hits you but does no damage. The white imp gestures at you.
The puff of frost hits you. Ijyb hits you but does no damage.
You hit the white imp but do no damage. You barely miss Ijyb.
The white imp gestures at you.
The puff of frost hits you but does no damage.
You block Ijyb's attack.
Unknown command.
You hit Ijyb but do no damage.
Ijyb is heavily wounded.
You slash the white imp!
The white imp hits you but does no damage.
Ijyb zaps a wand.
The puff of flame hits you.
* * * LOW HITPOINT WARNING * * *
The white imp gestures at you. The puff of frost hits you.
* * * LOW HITPOINT WARNING * * *
You barely miss Ijyb.
Ijyb is heavily wounded.
You closely miss the white imp.
Ijyb zaps a wand.
The puff of flame hits you!
* * * LOW HITPOINT WARNING * * *
The white imp hits you but does no damage.
Ijyb zaps a wand.
The puff of flame hits you!
You die...

#.###.....#...#
....+.........+
#.###.....#...##
#.# #.....#....#
#.# #.....#....#
#.#
##########.##
#.# #..# #.#
######.###.###.
#..
........@g......
########5##.####
.Z. ##..# .#.# .
.# . .. .. ..


You could see Ijyb, a white imp and a hound skeleton.

Vanquished Creatures
  A hornet zombie (D:5)
  2 scorpions (D:4)
  An iguana (D:3)
  An orc wizard (D:2)
  A hound skeleton (D:4)
  4 gnolls
  3 adders (D:2)
  An ufetubus (D:4)
  2 worms (D:2)
  2 dart slugs
  6 orcs
  8 ball pythons
  9 endoplasms
  7 giant cockroaches
  5 goblins
  7 hobgoblins
  8 jackals (D:1)
  10 kobolds
  2 quokkas
  10 bats
  3 frilled lizards
  2 rats
95 creatures vanquished.

Vanquished Creatures (others)
  3 plants (D:1)
3 creatures vanquished.

Grand Total: 98 creatures vanquished

Notes
Turn   | Place    | Note
-------+----------+-------------------------------------------
     0 | D:1      | ytrimaz the Formicid Fighter began the quest for the Orb.
     0 | D:1      | Reached XP level 1. HP: 18/18 MP: 1/1
   113 | D:1      | Reached XP level 2. HP: 23/24 MP: 2/2
   622 | D:1      | Reached XP level 3. HP: 29/29 MP: 3/3
  1140 | D:1      | Reached skill level 3 in Axes
  1140 | D:1      | Reached XP level 4. HP: 2/37 MP: 4/4
  1841 | D:2      | Reached XP level 5. HP: 24/42 MP: 5/5
  2184 | D:2      | Reached skill level 4 in Axes
  3122 | D:3      | Noticed a phantom
  3125 | D:3      | Found a runed translucent gate.
  3125 | D:3      | Found a runed translucent gate.
  3125 | D:3      | Found a runed translucent gate.
  3126 | D:3      | Noticed ytrimaz's ghost (amateur OpTm)
  3482 | D:3      | Found a radiant altar of Vehumet.
  3483 | D:3      | Found an iron altar of Okawaru.
  3894 | D:3      | Found a faded altar of an unknown god.
  4163 | D:4      | Reached XP level 6. HP: 47/48 MP: 6/6
  4216 | D:4      | Reached skill level 5 in Axes
  4870 | D:5      | Entered Level 5 of the Dungeon
  4881 | D:5      | Reached XP level 7. HP: 44/50 MP: 7/7
  5069 | D:5      | Reached skill level 6 in Axes
  5217 | D:5      | Noticed Ijyb
  5227 | D:5      | Killed from afar by Ijyb

Illustrated notes

Levels and vault maps discovered:
D:1:      dpeg_arrival_solitude, layout_basic, chequers_jeans,
          nicolae_grassy_gnolls
D:2:      layout_basic, hangedman_decor_riveting
D:3:      wad_lake_hut, layout_basic, nicolae_overflow_hidden_temple,
          gammafunk_ghost_split, basic_ecumenical_altar, grunt_decor_cap,
          corner_web_ring, nicolae_elevator_lobby_plus
D:4:      layout_rooms
D:5:      kennysheep_slugbush, layout_basic, uniq_ijyb

Skill      XL: |  1  2  3  4  5  6  7 |
---------------+----------------------+-----
Axes           | 3 4 5 6 |  6.1
Armour         | 4 |  4.8
Fighting       | 4 |  4.1
Shields        | |  3.9

Action                   |  1- 3 |  4- 6 |  7- 9 || total
-------------------------+-------+-------+-------++-------
Melee: War axe           |    93 |   137 |       ||   230
       Battleaxe         |       |    22 |    18 ||    40
  Use: Scroll            |     1 |     5 |       ||     6
       Potion            |       |     1 |       ||     1
Armor: Scale mail        |    50 |    85 |       ||   135
       Plate armour      |       |    16 |    13 ||    29
Dodge: Dodged            |    54 |    78 |     2 ||   134
Block: Buckler           |    22 |    36 |     5 ||    63

Table legend: (Time is in decaauts)
 A = Elapsed time spent in this place.
 B = Non-inter-level travel time spent in this place.
 C = Inter-level travel time spent in this place.
 D = Time resting spent in this place.
 E = Time spent auto-exploring this place.
 F = Levels seen in this place.
 G = Mean time per level.
                   A        B        C        D        E       F      G
               +--------+--------+--------+--------+--------+-----+--------+
         Total |   5363 |   5322 |     41 |    661 |   3813 |   5 | 1072.6 |
       Dungeon |   5363 |   5322 |     41 |    661 |   3813 |   5 | 1072.6 |
               +--------+--------+--------+--------+--------+-----+--------+

Top non-repeatable levels by time:
     D:1: 1800 daAuts
     D:2: 1259 daAuts
     D:3: 1167 daAuts
     D:4: 770 daAuts
     D:5: 366 daAuts
